 Dungeon Crawl Stone Soup version 0.25.1-2-g60ff931df9 (webtiles) character file.

Game seed: 10470354027727782899

4025 Kraken2834 the Cleaver (level 10, -1/83 (84) HPs)
             Began as a Hill Orc Fighter on Sept 30, 2020.
             Was a Priest of Beogh.
             Slain by an 11-headed hydra (2 damage)
             ... on level 7 of the Dungeon.
             The game lasted 00:40:41 (7942 turns).

Kraken2834 the Cleaver (Hill Orc Fighter)           Turns: 7942, Time: 00:40:41

HP:   -1/83 (84)    AC: 14    Str: 23    XL:     10   Next: 24%
MP:   11/11         EV:  5    Int:  8    God:    Beogh [***...]
Gold: 239           SH: 11    Dex: 10    Spells: 9/9 levels left

rFire    . . .     SeeInvis .   B - +0 broad axe (elec)
rCold    . . .     Gourm    .   c - +0 kite shield
rNeg     . . .     Faith    .   s - +0 plate armour
rPois    .         Spirit   .   (no helmet)
rElec    .         Reflect  .   (no cloak)
rCorr    .         Harm     .   l - +0 pair of gloves
MR       .....                  (no boots)
Stlth    ..........             (no amulet)
HPRegen  0.23/turn              (no ring)
MPRegen  0.12/turn              (no ring)

@: no status effects
A: no striking features
a: Smiting, Renounce Religion


You were on level 7 of the Dungeon.
You worshipped Beogh.
Beogh was most pleased with you.
You were not hungry.

You visited 1 branch of the dungeon, and saw 8 of its levels.
You also visited: Sewer.

You collected 459 gold pieces.
You spent 220 gold pieces at shops.

Inventory:

Hand Weapons
 v - a +2 dagger of venom
 A - a +0 whip of electrocution
 B - a +0 broad axe of electrocution (weapon)
Armour
 c - a +0 kite shield (worn)
 l - a +0 pair of gloves (worn)
 s - a +0 plate armour (worn)
 y - a +3 leather armour of magic resistance
Wands
 a - a wand of flame (4)
 b - a wand of enslavement (3)
 x - a wand of digging (7)
Scrolls
 i - 2 scrolls of identify
 j - 4 scrolls of fog
 k - 3 scrolls of immolation
 m - a scroll of fear {unknown}
 n - 2 scrolls of amnesia {unknown}
 q - 7 scrolls of remove curse
 r - 2 scrolls of magic mapping {unknown}
 t - 3 scrolls of enchant weapon {unknown}
 w - a scroll of noise
 z - a scroll of enchant armour {unknown}
Potions
 d - 3 potions of might
 e - a potion of lignification {unknown}
 g - 2 potions of ambrosia {unknown}
 h - 4 potions of heal wounds {unknown}
 o - 2 potions of brilliance {unknown}
 p - 3 potions of curing {unknown}
 u - a potion of stabbing {unknown}
Comestibles
 f - 6 rations


   Skills:
 + Level 6.8 Fighting
 * Level 13.8 Axes
 + Level 6.8 Armour
 + Level 7.1 Shields
 + Level 2.3 Invocations


You had 9 spell levels left.
You didn't know any spells.
Your spell library contained the following spells:

 Spells                   Type           Power        Failure   Level  Hunger
 Confusing Touch          Hex            #.......     100%        3    ####...
 Gell's Gravitas          Tloc           #.........   100%        3    ####...
 Petrify                  Tmut/Erth      #.......     100%        4    #####..
 Metabolic Englaciation   Hex/Ice        #.........   100%        5    ######.
 Yara's Violent Unravell  Hex/Tmut       #.........   100%        5    ######.


Dungeon Overview and Level Annotations

Branches:
Dungeon (8/15)             Temple (0/1) D:6            Lair (0/6) D:8
  Sewer (visited)

Altars:
Elyvilon
Gozag
Makhleb
Nemelex Xobeh
Trog
Uskayaw
Xom

Shops:
D:5 }


Message History

You block the 11-headed hydra's attack.
The 11-headed hydra bites you but does no damage.
The 11-headed hydra bites you.
* * * LOW HITPOINT WARNING * * *
The 11-headed hydra bites you.
* * * LOW HITPOINT WARNING * * *
The 11-headed hydra bites you.
* * * LOW HITPOINT WARNING * * *
The 11-headed hydra bites you!
* * * LOW HITPOINT WARNING * * *
You block the 11-headed hydra's attack. The 11-headed hydra bites you.
* * * LOW HITPOINT WARNING * * *
You climb upwards.
There is a stone staircase leading down here.
You block the 11-headed hydra's attack. x2; The 11-headed hydra bites you.
* * * LOW HITPOINT WARNING * * *
The 11-headed hydra barely misses you.
The 11-headed hydra bites you but does no damage. x2
The 11-headed hydra bites you.
You die...

#.....# ##......##.#
#...### #..####.##.###
#..<#######.####.....#..
#...##...#...##.........
#...#...................
#>......................
#.......................
####..D.................
##..@................
##...#...##.........
###########.....#..
####### #


You could see a 11-headed hydra.

Vanquished Creatures
  Sigmund (D:6)
  2 water moccasins
  An ice beast (D:7)
  A black bear (D:6)
  2 orc warriors
  A sky beast (D:6)
  A necrophage (D:8)
  2 ogres
  A big kobold (Sewer)
  3 bullfrogs
  3 wights (D:6)
  An electric eel (D:8)
  2 crimson imps
  2 bullfrog skeletons
  4 orc wizards
  4 orc priests
  A jelly (D:7)
  3 centaur skeletons
  An iguana (D:6)
  7 worker ants
  A hound zombie (D:6)
  2 worker ant zombies (D:6)
  4 gnolls (D:5)
  6 adders
  An ooze (D:2)
  3 adder skeletons
  An adder zombie (D:6)
  A worm (D:2)
  3 dart slugs
  22 orcs
  5 ball pythons
  6 giant cockroaches
  6 goblins
  4 hobgoblins
  9 jackals
  11 kobolds
  2 quokkas
  10 bats
  4 frilled lizards
  A leopard gecko skeleton (D:6)
  A quokka zombie (D:8)
  15 rats
  A plant (Sewer)
162 creatures vanquished.

Vanquished Creatures (collateral kills)
  A two-headed ogre (D:8)
  A sixfirhy (D:8)
  The ghost of Thomus the Thaumaturge, a novice DECj of Vehumet (D:8)
  2 wargs (D:8)
  A water moccasin (D:8)
  An orc warrior (D:8)
  An ogre (D:7)
  A big kobold (D:7)
  A scorpion (D:8)
  An electric eel (D:8)
  A bullfrog skeleton (D:8)
  An orc wizard (D:7)
  An adder (D:5)
  A ball python (D:5)
  A kobold (D:7)
16 creatures vanquished.

Vanquished Creatures (others)
  An orc warrior (D:8)
  An orc knight (D:8)
  7 orcs
9 creatures vanquished.

Grand Total: 187 creatures vanquished

Notes
Turn   | Place    | Note
-------+----------+-------------------------------------------
     0 | D:1      | Kraken2834 the Hill Orc Fighter began the quest for the
                  | Orb.
     0 | D:1      | Reached XP level 1. HP: 19/19 MP: 1/1
    90 | D:1      | Reached skill level 3 in Axes
    90 | D:1      | Reached XP level 2. HP: 25/27 MP: 2/2
   885 | D:2      | Reached XP level 3. HP: 20/33 MP: 3/3
  1156 | D:2      | Found an opulent altar of Gozag.
  1167 | D:2      | Reached skill level 4 in Axes
  1190 | D:2      | Reached XP level 4. HP: 40/40 MP: 4/4
  1276 | D:2      | Found a burning altar of Makhleb.
  1277 | D:2      | Found a bloodstained altar of Trog.
  1348 | D:2      | Found a sparkling altar of Nemelex Xobeh.
  1514 | D:2      | Found a hide-covered altar of Uskayaw.
  1514 | D:2      | Found a shimmering altar of Xom.
  1688 | D:3      | Became a worshipper of Beogh the Brigand
  1817 | D:3      | Found a white marble altar of Elyvilon.
  1836 | D:3      | Reached skill level 5 in Axes
  2143 | D:3      | Reached XP level 5. HP: 46/46 MP: 5/5
  2548 | D:4      | Noticed an ogre
  2555 | D:4      | HP: 2/46 [ogre/+0 giant club (17)]
  2861 | D:4      | Killed an ogre
  2861 | D:4      | Reached skill level 6 in Axes
  2861 | D:4      | Reached XP level 6. HP: 43/53 MP: 6/6
  3127 | D:4      | Reached * piety under Beogh
  3402 | D:4      | Reached skill level 7 in Axes
  3728 | D:5      | Entered Level 5 of the Dungeon
  3763 | D:5      | Noticed a water moccasin
  3771 | D:5      | Killed a water moccasin
  3771 | D:5      | Reached XP level 7. HP: 50/60 MP: 7/7
  4048 | D:5      | Found Miychud's Gadget Shop.
  4055 | D:5      | Bought a box of beasts for 220 gold pieces
  4098 | D:5      | Found a glowing drain.
  4107 | Sewer    | Entered a sewer
  4248 | Sewer    | Reached ** piety under Beogh
  4343 | Sewer    | Reached skill level 8 in Axes
  4389 | D:5      | Reached skill level 5 in Shields
  4969 | D:6      | Reached skill level 9 in Axes
  4973 | D:6      | Reached XP level 8. HP: 28/67 MP: 4/8
  5066 | D:6      | Reached skill level 5 in Fighting
  5211 | D:6      | Found a staircase to the Ecumenical Temple.
  5356 | D:6      | Reached skill level 10 in Axes
  5420 | D:6      | Reached skill level 5 in Armour
  5725 | D:6      | Noticed Sigmund
  5738 | D:6      | Killed Sigmund
  5768 | D:6      | Reached skill level 11 in Axes
  5895 | D:6      | Reached skill level 1 in Invocations
  5895 | D:6      | Reached XP level 9. HP: 72/74 MP: 9/9
  6192 | D:7      | Reached *** piety under Beogh
  6428 | D:7      | Reached skill level 12 in Axes
  6684 | D:7      | You fall into a shaft and drop 1 floor!
  7220 | D:8      | Noticed a two-headed ogre
  7229 | D:8      | Killed a two-headed ogre
  7229 | D:8      | Reached skill level 13 in Axes
  7234 | D:8      | Reached XP level 10. HP: 39/83 MP: 11/11
  7619 | D:8      | Found a staircase to the Lair.
  7796 | D:8      | Found a runed translucent door.
  7801 | D:8      | Noticed a sixfirhy
  7812 | D:8      | Killed a sixfirhy
  7878 | D:8      | Found a runed translucent gate.
  7878 | D:8      | Found a runed translucent gate.
  7878 | D:8      | Found a runed translucent gate.
  7878 | D:8      | Noticed an 11-headed hydra
  7878 | D:8      | Noticed Thomus's ghost (novice DECj)
  7878 | D:8      | Noticed a ten-headed hydra
  7900 | D:8      | Killed Thomus's ghost
  7930 | D:8      | HP: 2/83 [11-headed hydra (7)]
  7942 | D:7      | HP: 1/83 [11-headed hydra (2)]
  7942 | D:7      | Slain by an 11-headed hydra

Illustrated notes

Levels and vault maps discovered:
D:1:      mrwooster_arrival_statue_2, layout_loops_ring
D:2:      layout_rooms, nicolae_overflow_hidden_temple,
          gammafunk_temple_overflow_elements, nemelex_dance_club_becter
D:3:      layout_loops_corners, elyvilon_altar_1
D:4:      layout_loops_cross, first_ration
D:5:      layout_loops_corners, portal_sewer_entry_e, serial_shops, shop,
          kennysheep_generic_room_9
D:6:      layout_loops_ring, minmay_temple_entry_mini_moons,
          hangedman_abyss_or_decor_lesser_grid, uniq_sigmund
D:7:      layout_rooms, kennysheep_mini
D:8:      cheibrodos_shockbox, layout_cave_pools, erik_lair_orcish_takeover,
          gammafunk_ghost_hydra_chop, hangedman_little_slice_of_home,
          chequers_big_river

Skill      XL: |  1  2  3  4  5  6  7  8  9 10 |
---------------+-------------------------------+-----
Axes           | 3 4 5 6 7 9 11 13 | 13.8
Fighting       | 4 5 6 |  6.8
Shields        | 4 5 6 7 |  7.1
Armour         | 4 5 6 |  6.8
Invocations    | 1 2 |  2.3

Action                   |  1- 3 |  4- 6 |  7- 9 | 10-12 || total
-------------------------+-------+-------+-------+-------++-------
Melee: War axe           |    72 |   191 |   353 |    15 ||   631
       Broad axe         |       |       |       |     3 ||     3
Invok: Convert to Beogh  |       |     1 |       |       ||     1
       Smiting           |       |       |     7 |       ||     7
Evoke: Box of beasts     |       |       |     1 |       ||     1
  Use: Scroll            |     2 |     3 |     1 |     1 ||     7
 Stab: Distracted        |       |       |     1 |       ||     1
  Eat: Chunk             |     1 |     1 |     5 |       ||     7
       Ration            |       |     3 |     1 |     1 ||     5
Armor: Scale mail        |    25 |    25 |       |       ||    50
       Plate armour      |       |    89 |   180 |    24 ||   293
Dodge: Dodged            |    21 |    36 |    48 |     6 ||   111
Block: Kite shield       |    32 |   111 |   200 |    16 ||   359
